 Dungeon Crawl Stone Soup version 0.28-a0-1152-g9c71ebef14 (webtiles) character file.

Game seed: 13714922546739309345

30 spaghetti the Sneak (level 3, 0/26 HPs)
             Began as an Octopode Delver on Dec 14, 2021.
             Slain by a black bear (3 damage)
             ... on level 4 of the Dungeon.
             The game lasted 00:01:35 (858 turns).

spaghetti the Sneak (Octopode Delver)                Turns: 858, Time: 00:01:36

Health: 0/26       AC:  1    Str: 11    XL:     3   Next: 20%
Magic:  3/3        EV: 13    Int: 14    God:
Gold:   9          SH:  0    Dex: 13    Spells: 2/2 levels left

rFire   . . .      SeeInvis .   a - +0 short sword {short}
rCold   . . .      Faith    .   (no shield)
rNeg    . . .      Spirit   .   (helmet restricted)
rPois   .          Reflect  .   (no amulet)
rElec   .          Harm     .   (no ring)
rCorr   .          Rampage  .   (no ring)
Will    .....                   (no ring)
Stlth   +++++.....              (no ring)
HPRegen 0.08/turn               (no ring)
MPRegen 0.08/turn               (no ring)
                                (no ring)
                                (no ring)

@: no status effects
A: almost no armour, amphibious, 8 rings, camouflage 1, gelatinous body 1,
(nimble swimmer 1), tentacles
a: no special abilities


You were on level 4 of the Dungeon.
You visited 1 branch of the dungeon, and saw 3 of its levels.

You collected 9 gold pieces.


Innate Abilities, Weirdness & Mutations

You cannot wear most types of armour.
You are amphibious.
You can wear up to eight rings at the same time.
Your skin changes colour to match your surroundings (Stealth+).
Your rubbery body absorbs attacks. (AC +1, EV +1)
((You are camouflaged near water. (Stealth+)))
You have tentacles for arms and can constrict up to eight enemies at once.


   Skills:
 - Level 3.0 Fighting
 - Level 2.0 Short Blades
 - Level 2.0 Dodging
 + Level 7.9 Stealth


You had 2 spell levels left.
You didn't know any spells.
Your spell library contained the following spells:

 Spells                   Type           Power      Damage    Failure   Level
 Apportation              Tloc           0%         N/A       28%         1
 Alistair's Intoxication  Tmut/Pois      0%         N/A       100%        5

Inventory:

Hand Weapons
 a - a +0 short sword (weapon) {short}
Wands
 f - a wand of digging (3)
Scrolls
 b - a scroll of fog

Dungeon Overview and Level Annotations

Branches:
Dungeon (6/15)
 Temple: D:4-7

Altars:

Annotations:
D:5 Dowan, Menkaure
D:6 Pikel

,,* *,,,,,,,,,,,,,,,#....#....#..
,,***,,,*#...,#.,...#....#....#..
,,,,,,,,*#...,#.....#............
,,,,,,,,,.....#.#..........).....
,,,,,,,,*#.#..#....[.............
,,,,,,,,,..............(...#≈≈≈..
*********#...........<....>.≈.≈#.
*##....#..##...#.##≈.≈#.
#....h@...........≈.≈.. *
****#.....#..##.#.......##. ***
**,+...................#####
+,****,,,.......#..##.###.###≈≈≈≈
**,,*,,,,.............###.###....
****,*,,+.#.....#..##.#.....#....
*******#.....#..##.#.....#.w..
*................#.'#*** *
******,,.,,....##.#.#####..#,


You could see a black bear (berserk).


Message History

You take 1 damage, and now have 9/16 hp.
Unknown command.
You feel yourself speed up. The orc hits you with a +0 club.
* * * LOW HITPOINT WARNING * * *
The orc wizard hits you with a +0 dagger.
* * * LOW HITPOINT WARNING * * *
😨 HP[-3]
You take 3 damage, and now have 6/16 hp.
You are too confused!
Unknown command.
Unknown command.
You miss the orc wizard. Your squeeze misses the orc wizard.
The orc wizard hits you with a +0 dagger.
* * * LOW HITPOINT WARNING * * *
😱 HP[-2]
You take 2 damage, and now have 4/16 hp.
Unknown command.
You hit the orc wizard. The orc barely misses you.
The orc wizard closely misses you.
There is an open door here.
You are too confused!
Unknown command.
Unknown command.
You're too confused to move!
You feel less confused.
Unknown command. 😨 HP[+1]
(D) Dungeon
Where to? (Enter - D:5, ? - help)
Your extra speed is starting to run out.
There is a stone staircase leading up here.
You climb upwards.
There is a stone staircase leading down here.
Unknown command.
Unknown command.
You start resting.
You feel yourself slow down.
Unknown command. 😮 HP[+4]
You regained 4 hp, and now have 9/16 hp.
You start resting. 😎 HP[+7]
Your hp is fully restored (16).
You start waiting.
Done waiting.
A hound comes into view.
A black bear comes into view.
The helpless hound fails to defend itself.
You impale the hound!!
You kill the hound!
Your Stealth skill increases to level 7!
You have reached level 2!
You have reached level 3!
Your experience leads to an increase in your attributes!
Increase (S)trength, (I)ntelligence, or (D)exterity?
You feel clever. x2 😎 HP[+10] MP[+2]
You now have 26 max hp (+10).
Your hp is fully restored (26).
Your mp is fully restored (3).
c - a scroll labelled AMADACKOTI
As you read the scroll labelled AMADACKOTI, it crumbles to dust.
You feel strangely unstable.
It was a scroll of teleportation.
Unknown command.
You open the door.
A worm comes into view.
Your surroundings suddenly seem different.
Unknown command.
Unknown command.
Unknown command.
You hit the black bear. You grab the black bear. You constrict the black bear.
The black bear bites you but does no damage.
The black bear claws you. x2 😕 HP[-6]
You take 6 damage, and now have 20/26 hp.
MASSIVE DAMAGE!! (PAUSE)
You hit the black bear but do no damage.
You constrict the black bear, but do no damage.
The black bear closely misses you. The black bear claws you.
The black bear barely misses you. 😮 HP[-3]
You take 3 damage, and now have 17/26 hp.
You hit the black bear. You squeeze the black bear.
You constrict the black bear. The black bear bites you.
The black bear claws you. x2
* * * LOW HITPOINT WARNING * * *
😨 HP[-6]
You take 6 damage, and now have 11/26 hp.
MASSIVE DAMAGE!! (PAUSE)
You hit the black bear. You constrict the black bear.
The black bear goes berserk!
You hit the black bear. You constrict the black bear.
The black bear closely misses you. The black bear claws you.
* * * LOW HITPOINT WARNING * * *
The black bear claws you.
* * * LOW HITPOINT WARNING * * *
The black bear barely misses you. The black bear claws you.
* * * LOW HITPOINT WARNING * * *
The black bear claws you.
You die...

Skill      XL: |  1 |
---------------+----+-----
Stealth        | 7 |  7.9
Fighting       | |  3.0
Short Blades   | |  2.0
Dodging        | |  2.0

Action                   || total
-------------------------++-------
Melee: Short sword       ||    13
       Constrict         ||     2
       Tentacles         ||     2
  Use: Scroll            ||     4
       Potion            ||     1
 Stab: Sleeping          ||     2
Armor: Skin              ||     1
Dodge: Dodged            ||    10

Levels and vault maps discovered:
D:4:      layout_basic, serial_rivers, chequers_serial_rivers_room_a,
          chequers_serial_rivers_room_b, chequers_serial_rivers_room_a,
          chequers_serial_rivers_micro_d, grunt_ministairs_8,
          uniq_crazy_yiuf_cottage, uniq_eustachio, uniq_edmund
D:5:      layout_basic, minmay_temple_entry_butterflies,
          minmay_misc_feat_plants, uniq_duvessa, uniq_ijyb, uniq_menkaure
D:6:      wad_woods_settlement, layout_layer_cave,
          eat_drink_and_be_merry_uskayaw, ebering_ghost_inner_flame,
          grunt_ministairs_13, uniq_pikel, uniq_maggie

Notes
Turn   | Place    | Note
-------+----------+-------------------------------------------
     0 | D:5      | spaghetti the Octopode Delver began the quest for the Orb.
     0 | D:5      | Reached XP level 1. HP: 16/16 MP: 1/1
     0 | D:5      | magus.rc [v1.9.6]
    46 | D:5      | Noticed an orc priest
    50 | D:5      | HP: 3/16 [orc (9)]
   376 | D:4      | You pick up a book of Party Tricks and begin reading...
   376 | D:4      | You add the spells Apportation and Alistair's Intoxication
                  | to your library.
   426 | D:5      | Noticed Dowan
   463 | D:5      | Noticed Menkaure
   479 | D:6      | Noticed an orc wizard
   479 | D:6      | Noticed an orc wizard
   479 | D:6      | Noticed Pikel
   479 | D:6      | Noticed a lemure
   479 | D:6      | Noticed a lemure
   479 | D:6      | Noticed a lemure
   479 | D:6      | Noticed a lemure
   486 | D:5      | HP: 4/16 [orc wizard (2)]
   834 | D:4      | Noticed a hound
   836 | D:4      | Noticed a black bear
   839 | D:4      | Killed a hound
   840 | D:4      | Reached skill level 7 in Stealth
   840 | D:4      | Reached XP level 2. HP: 21/21 MP: 2/2
   840 | D:4      | Reached XP level 3. HP: 26/26 MP: 3/3
   858 | D:4      | HP: 3/26 [black bear (5)]
   858 | D:4      | Slain by a black bear

Vanquished Creatures
  A hound (D:4)
  A kobold (D:4)
2 creatures vanquished.

Table legend:
 A = Non-vault XP
 B = Vault XP
 C = Vault XP percentage of total XP
 D = Non-vault monster count
 E = Vault monster count
 F = Vault count percentage of total count
                 A         B        C        D         E       F
            +---------+---------+-------+---------+---------+-------
      Total |      44 |       0 |   0.0 |       2 |       0 |   0.0
            +---------+---------+-------+---------+---------+-------
        D:4 |      44 |       0 |   0.0 |       2 |       0 |   0.0
            +---------+---------+-------+---------+---------+-------

Illustrated notes

Table legend:
 A = Kills in this place as a percentage of kills in entire the game.
 B = Kills by you in this place as a percentage of kills by you in the entire game.
 C = Kills by friends in this place as a percentage of kills by friends in the entire game.
 D = Other kills in this place as a percentage of other kills in the entire game.
 E = Experience gained in this place as a percentage of experience gained in the entire game.
 F = Experience gained in this place divided by the number of levels of this place that you have seen.
                   A       B       C       D       E      F
               +-------+-------+-------+-------+-------+----------------------
         Total | 100.0 | 100.0 |   N/A |   N/A | 100.0 |  14.7
       Dungeon | 100.0 | 100.0 |   N/A |   N/A | 100.0 |  14.7
               +-------+-------+-------+-------+-------+----------------------

Table legend: (Time is in decaauts)
 A = Elapsed time spent in this place.
 B = Non-inter-level travel time spent in this place.
 C = Inter-level travel time spent in this place.
 D = Time resting spent in this place.
 E = Time spent auto-exploring this place.
 F = Levels seen in this place.
 G = Mean time per level.
                   A        B        C        D        E       F      G
               +--------+--------+--------+--------+--------+-----+--------+
         Total |    846 |    832 |     14 |    533 |    150 |   3 |  282.0 |
       Dungeon |    846 |    832 |     14 |    533 |    150 |   3 |  282.0 |
               +--------+--------+--------+--------+--------+-----+--------+

Top non-repeatable levels by time:
     D:4: 458 daAuts
     D:5: 385 daAuts
     D:6: 1 daAuts
